 Dungeon Crawl Stone Soup version 0.25-a0-294-gea9b1ad378 (webtiles) character file.

Game seed: 3145054812138483036, levelgen mode: deterministic

130 MoonlitKnight the Chopper (level 5, -7/47 HPs)
             Began as a Hill Orc Fighter on Dec 16, 2019.
             Mangled by a gnoll
             ... wielding a +0 halberd
              (11 damage)
             ... on level 3 of the Dungeon.
             The game lasted 00:03:25 (2129 turns).

MoonlitKnight the Chopper (Hill Orc Fighter)        Turns: 2129, Time: 00:03:26

Health: -7/47      AC:  9    Str: 20    XL:     5   Next: 14%
Magic:  5/5        EV:  7    Int:  8    God:
Gold:   114        SH:  9    Dex: 10    Spells: 4/4 levels left

rFire    . . .     SeeInvis .   a - +0 war axe
rCold    . . .     Gourm    .   c - +0 shield
rNeg     . . .     Faith    .   n - +0 scale mail
rPois    .         Spirit   .   j - +0 helmet
rElec    .         Reflect  .   (no cloak)
rCorr    .         Harm     .   h - +0 pair of gloves
MR       .....                  (no boots)
Stlth    ..........             (no amulet)
HPRegen  0.15/turn              (no ring)
MPRegen  0.09/turn              (no ring)

@: no status effects
A: no striking features
a: no special abilities


You were on level 3 of the Dungeon.
You were not hungry.

You visited 1 branch of the dungeon, and saw 3 of its levels.

You collected 114 gold pieces.

Inventory:

Hand Weapons
 a - a +0 war axe (weapon)
 b - a +0 hunting sling
Armour
 c - a +0 shield (worn)
 h - a +0 pair of gloves (worn)
 j - a +0 helmet (worn)
 n - a +0 scale mail (worn)
Scrolls
 e - a scroll of teleportation {unknown}
 g - 5 scrolls of remove curse {unknown}
 i - a scroll of blinking {unknown}
Potions
 d - a potion of might
 k - a potion of mutation {unknown}
 l - a potion of resistance {unknown}
 m - a potion of haste {unknown}
Comestibles
 f - a ration
 o - 9 chunks of flesh


   Skills:
 + Level 4.4 Fighting
 * Level 4.8 Axes
 + Level 4.0 Armour
 + Level 4.0 Shields


You had 4 spell levels left.
You didn't know any spells.
Your spell library was empty.

Dungeon Overview and Level Annotations

Branches:
Dungeon (3/15)

Altars:


Message History

The gnoll hits you with a +0 halberd.
You slash the gnoll!
The gnoll is severely wounded.
The gnoll hits you from afar with a +0 halberd.
* * * LOW HITPOINT WARNING * * *
The gnoll hits you with a +0 halberd.
* * * LOW HITPOINT WARNING * * *
You slash the gnoll!
You kill the gnoll!
You block the gnoll's attack. The gnoll hits you with a +0 halberd.
* * * LOW HITPOINT WARNING * * *
Things that are here:
a +0 halberd; an orange potion; a gnoll corpse You completely miss the gnoll.
The gnoll hits you with a +0 halberd.
* * * LOW HITPOINT WARNING * * *
You hit the gnoll.
The gnoll is moderately wounded.
You block the gnoll's attack. The gnoll hits you with a +0 halberd!
You die...

#.# #. #.# ### #.#
#. #(# #.. #.# #.
#.# #.# #.# #.##
#.# #.# #.# ###..#
#.# #.#####.# ....#
#.# #.##..... #.g#
#.# #........
#.@####.###..#.#...
#..)..............#
#..########..###.##
#... ....# #.# #..#
###.## #.# #..# #.#
#.# #..# #.# .#
#... #.# #.# .#


You could see a gnoll.

Vanquished Creatures
  A worker ant zombie (D:3)
  2 gnolls (D:3)
  2 adders
  2 oozes
  A worm (D:2)
  A dart slug (D:1)
  A leopard gecko (D:1)
  5 orcs (D:3)
  6 bats
  4 giant cockroaches (D:2)
  6 goblins
  3 hobgoblins
  2 jackals (D:2)
  4 quokkas
  A ball python (D:1)
  4 frilled lizards
  7 kobolds
  11 rats
63 creatures vanquished.

Notes
Turn   | Place    | Note
-------+----------+-------------------------------------------
     0 | D:1      | MoonlitKnight the Hill Orc Fighter began the quest for the
                  | Orb.
     0 | D:1      | Reached XP level 1. HP: 19/19 MP: 1/1
   136 | D:1      | Reached XP level 2. HP: 20/27 MP: 2/2
   730 | D:1      | Reached XP level 3. HP: 33/33 MP: 3/3
  1430 | D:2      | Reached XP level 4. HP: 39/40 MP: 4/4
  2113 | D:3      | Reached XP level 5. HP: 47/47 MP: 5/5
  2129 | D:3      | Mangled by a gnoll

Levels and vault maps discovered:
D:1:      minmay_arrival_jagged, layout_basic
D:2:      cheibrodos_helix_gallery, layout_loops_corners
D:3:      layout_loops_ring, nicolae_qazlal_style_of_elements, first_ration,
          grunt_decor_fettered, bh_walls_and_bars

Skill      XL: |  1  2  3  4  5 |
---------------+----------------+-----
Axes           | 3 4 |  4.8
Fighting       | 4 |  4.4
Shields        | 4 |  4.0
Armour         | 4 |  4.0

Action                   |  1- 3 |  4- 6 || total
-------------------------+-------+-------++-------
Melee: War axe           |   133 |    86 ||   219
  Eat: Chunk             |     2 |     2 ||     4
Armor: Scale mail        |    68 |    31 ||    99
Dodge: Dodged            |    39 |    33 ||    72
Block: Shield            |    83 |    42 ||   125

Table legend:
 A = Non-vault XP
 B = Vault XP
 C = Vault XP percentage of total XP
 D = Non-vault monster count
 E = Vault monster count
 F = Vault count percentage of total count
                 A         B        C        D         E       F
            +---------+---------+-------+---------+---------+-------
      Total |     184 |       3 |   1.6 |      61 |       2 |   3.2
            +---------+---------+-------+---------+---------+-------
        D:1 |      35 |       0 |   0.0 |      21 |       0 |   0.0
        D:2 |      56 |       3 |   5.1 |      22 |       2 |   8.3
        D:3 |      93 |       0 |   0.0 |      18 |       0 |   0.0
            +---------+---------+-------+---------+---------+-------
